 Seeded DCSS version 0.30-a0-364-gf6b3ef1049 (webtiles) character file.

Game seed: 15267933825853563579 (custom seed)

72 purpskrrrp the Chopper (level 4, -3/35 HPs)
             Began as a Demonspawn Fighter on Nov 15, 2022.
             Slain by a worm (4 damage)
             ... on level 2 of the Dungeon.
             The game lasted 00:02:19 (1262 turns).

purpskrrrp the Chopper (Demonspawn Fighter)         Turns: 1262, Time: 00:02:19

Health: -3/35      AC:  8    Str: 19    XL:     4   Next: 7%
Magic:  4/4        EV:  6    Int:  9    God:
Gold:   74         SH:  7    Dex: 12    Spells: 3/3 levels left

rFire   . . .      SeeInvis .    a - +0 war axe
rCold   . . .      Faith    .    f - +3 warlock's mirror {reflect}
rNeg    . . .      Spirit   .    b - +0 scale mail
rPois   .          Reflect  +    (helmet restricted)
rElec   .          Harm     .    (no cloak)
rCorr   .          Rampage  .    (no gloves)
Will    .....                    (no boots)
Stlth   ..........               (no amulet)
HPRegen 0.25/turn                (no ring)
MPRegen 0.18/turn                (no ring)

@: constricted
A: antennae 1, icy blue scales 1, magic regeneration
a: no special abilities


You were on level 2 of the Dungeon.
You visited 1 branch of the dungeon, and saw 2 of its levels.

You collected 74 gold pieces.

Inventory:

Hand Weapons
 a - a +0 war axe (weapon)
Armour
 b - a +0 scale mail (worn)
 c - a +0 buckler
 f - the +3 warlock's mirror (worn) {reflect}
   (You acquired it on level 1 of the Dungeon)

   It can block and reflect piercing ranged attacks and magical attacks against
   the wielder's willpower.
Jewellery
 k - a ring of resist corrosion
Scrolls
 i - a scroll of noise {unknown}
 j - 2 scrolls of summoning {unknown}
 n - a scroll of enchant weapon {unknown}
 o - a scroll of immolation {unknown}
Potions
 d - a potion of might
 e - 2 potions of heal wounds {unknown}
 g - 2 potions of degeneration {unknown}
 h - a potion of flight {unknown}
 l - a potion of attraction {unknown}
 m - a potion of curing {unknown}


   Skills:
 - Level 3.0 Fighting
 + Level 3.5 Axes
 - Level 2.6 Armour
 * Level 3.2 Shields


You had 3 spell levels left.
You didn't know any spells.
Your spell library contained the following spells:

 Spells                   Type           Power      Damage    Failure   Level
 Olgreb's Toxic Radiance  Pois           0%         N/A       100%        4
 Ozocubu's Refrigeration  Ice            0%         4d7       100%        7
 Ignition                 Fire           0%         3d3       100%        8


Dungeon Overview and Level Annotations

Branches:
Dungeon (2/15)

Altars:


Innate Abilities, Weirdness & Mutations

You have a pair of small antennae on your head.
You are partially covered in icy blue scales. (AC +2)
You regenerate magic rapidly.


Message History

You are too injured to fight recklessly!
You are too injured to fight recklessly!
You are too injured to fight recklessly!
You are too injured to fight recklessly!
You are too injured to fight recklessly!
You are too injured to fight recklessly!
You are too injured to fight recklessly!
There are monsters nearby!
You closely miss the ball python. You hit the goblin.
You kill the goblin!
You block the ball python's attack. The ball python constricts you.
The gnoll hits you from afar with a +0 spear.
The ball python bites you but does no damage.
The ball python constricts you.
You hit the ball python.
The ball python is heavily wounded.
You slash the goblin!
You kill the goblin!
You block the gnoll's attack.
The ball python bites you but does no damage.
The ball python constricts you. The gnoll hits you but does no damage.
The ball python bites you but does no damage.
The ball python constricts you.
You hit the ball python.
The ball python is severely wounded.
You slash the worm! The ball python barely misses you.
The ball python constricts you. The gnoll barely misses you.
The worm bites you!
* * * LOW HITPOINT WARNING * * *
You barely miss the ball python.
The ball python is severely wounded.
You barely miss the worm.
The ball python bites you but does no damage.
The ball python constricts you.
The gnoll hits you from afar with a +0 spear.
* * * LOW HITPOINT WARNING * * *
The ball python bites you.
* * * LOW HITPOINT WARNING * * *
The ball python constricts you. The worm bites you.
You die...

#. .. ## .##. ... ####
.## # #.. =!!# ..#
#..#.. ...#....
#....†#wg.#.. .#
#@###.# ..# ##. #†#S..#
#.. ## #.. #.##...##.#
..## #.. #.#.......#
#...# #..
#.##..#....##.##.# #..
#$#...##......# #.###.#
###..##.......###.##..#
...##............#...#
.... +.........+......(


You could see a worm, a gnoll and a ball python.

Vanquished Creatures
  2 adders (D:2)
  2 dart slugs (D:1)
  7 endoplasms
  4 giant cockroaches
  3 goblins
  3 hobgoblins
  4 kobolds
  4 quokkas
  3 ball pythons
  5 bats
  3 frilled lizards
  7 rats
47 creatures vanquished.

Vanquished Creatures (others)
  3 withered plants (D:1)
3 creatures vanquished.

Grand Total: 50 creatures vanquished

Notes
Turn   | Place    | Note
-------+----------+-------------------------------------------
     0 | D:1      | purpskrrrp the Demonspawn Fighter began the quest for the
                  | Orb.
     0 | D:1      | Reached XP level 1. HP: 18/18 MP: 1/1
   121 | D:1      | Gained mutation: You regenerate magic rapidly. [demonic
                  | ancestry]
   121 | D:1      | Reached XP level 2. HP: 21/24 MP: 2/2
   336 | D:1      | Found a faded altar of an unknown god.
   466 | D:1      | Gained mutation: You have a pair of small antennae on your
                  | head. [demonic ancestry]
   466 | D:1      | Reached XP level 3. HP: 29/29 MP: 3/3
   602 | D:1      | Identified a scroll of acquirement
   603 | D:1      | Acquired the +3 warlock's mirror {reflect}
   603 | D:1      | Found the +3 warlock's mirror {reflect}
  1256 | D:2      | Gained mutation: You are partially covered in icy blue
                  | scales. (AC +2) [demonic ancestry]
  1256 | D:2      | Reached XP level 4. HP: 24/35 MP: 4/4
  1262 | D:2      | HP: 1/35 [ball python (1)]
  1262 | D:2      | Slain by a worm

Illustrated notes

Levels and vault maps discovered:
D:1:      scummos_arrival_hexagon, layout_basic,
          ebering_ecumenical_altar_petrified
D:2:      layout_loops_corners, minmay_misc_feat_plants,
          corexii_item_surrounded_by_moat, minmay_vboxes

Skill      XL: |  1  2  3 |
---------------+----------+-----
Axes           | 2 3 |  3.5
Shields        | 3 |  3.2
Fighting       | |  3.0
Armour         | |  2.6

Action                   |  1- 3 |  4- 6 || total
-------------------------+-------+-------++-------
Melee: War axe           |   125 |     7 ||   132
  Use: Scroll            |     3 |       ||     3
Armor: Scale mail        |    53 |     7 ||    60
Dodge: Dodged            |    55 |     3 ||    58
Block: Buckler           |    38 |     5 ||    43

Table legend: (Time is in decaauts)
 A = Elapsed time spent in this place.
 B = Non-inter-level travel time spent in this place.
 C = Inter-level travel time spent in this place.
 D = Time resting spent in this place.
 E = Time spent auto-exploring this place.
 F = Levels seen in this place.
 G = Mean time per level.
                   A        B        C        D        E       F      G
               +--------+--------+--------+--------+--------+-----+--------+
         Total |   1313 |   1297 |     16 |      0 |    983 |   2 |  656.5 |
       Dungeon |   1313 |   1297 |     16 |      0 |    983 |   2 |  656.5 |
               +--------+--------+--------+--------+--------+-----+--------+

Top non-repeatable levels by time:
     D:1: 810 daAuts
     D:2: 503 daAuts
